[Event "Titled Tuesday Blitz July 6 2021"]
[White "Perez Rodriguez, Luis Manuel"]
[Black "Guliev, Logman"]
[WhiteFideId "3503364"]
[BlackFideId "13400061"]
[WhiteElo "2429"]
[BlackElo "2128"]
[Result "1/2-1/2"]
[Round "09"]
[TimeControl "180+1"]
[Date "2021.07.06"]
[WhiteClock "0:00:26"]
[BlackClock "0:00:17"]

1. e4 c5 2. Nf3 Nc6 3. c3 d5 4. exd5 Qxd5 5. d4 Nf6 6. dxc5 Qxd1+ 7. Kxd1 e5 8. b4 Bg4 9. Be3 e4 10. h3 Bh5 11. g4 Nxg4 12. hxg4 Bxg4 13. Nd2 exf3 14. Kc1 O-O-O 15. Nc4 h5 16. a3 g6 17. b5 Nb8 18. Ne5 Be6 19. Bh3 Bg7 20. Nxf7 Bxh3 21. Rxh3 Bxc3 22. Ra2 Rde8 23. Nd6+ Kd7 24. Nxe8 Rxe8 25. Rxf3 h4 26. Rc2 Be5 27. Rd2+ Ke6 28. Re2 Nd7 29. Bd4 Kd5 30. Bxe5 Nxe5 31. Rfe3 g5 32. Kc2 g4 33. f4 gxf3 34. Rxf3 Nxf3 35. Rxe8 Kxc5 36. a4 Kb4 37. Re4+ Ka5 38. Rf4 Ne5 39. Rxh4 Nd7 40. Rh7 Nc5 41. Rc7 Kb6 42. Rxc5 Kxc5 43. Kb3 b6 44. Kc3 Kd5 45. Kd3 Kc5 46. Kc3 Kd5 47. Kd3 Kc5 48. Kc3 1/2-1/2


[Site "https://www.chess.com"]

[Event "Titled Tuesday Blitz July 6 2021"]
[White "Pert, Richard G"]
[Black "Shtyka, Sergey"]
[WhiteFideId "404748"]
[BlackFideId "4138465"]
[WhiteElo "2441"]
[BlackElo "2064"]
[Result "1-0"]
[Round "09"]
[TimeControl "180+1"]
[Date "2021.07.06"]
[WhiteClock "0:00:33"]
[BlackClock "0:00:05"]

1. e4 c5 2. Nf3 Nc6 3. Bb5 g6 4. Bxc6 dxc6 5. d3 Bg7 6. Nc3 e5 7. h3 Ne7 8. Be3 b6 9. Qd2 O-O 10. O-O f5 11. Bh6 fxe4 12. Nxe4 Rxf3 13. Bxg7 Kxg7 14. gxf3 Bxh3 15. Ng5 Qd7 16. Rfe1 h6 17. Nxh3 Qxh3 18. Rxe5 Nf5 19. Qf4 Rf8 20. Qg4 Qxg4+ 21. fxg4 Nd4 22. Re7+ Kf6 23. Rxa7 Nxc2 24. Rf1 Nd4 25. f4 Re8 26. Rd7 Re2 27. Rf2 Re3 28. Rd6+ Kg7 29. g5 Rxd3 30. Rd7+ Kg8 31. Kg2 hxg5 32. fxg5 Re3 33. Rff7 Nf5 34. Rc7 Rg3+ 35. Kf2 Rxg5 36. Rfd7 1-0


[Site "https://www.chess.com"]

[Event "Titled Tuesday Blitz July 6 2021"]
[White "Petriashvili, Nikoloz"]
[Black "Janaszak, Dawid"]
[WhiteFideId "13611216"]
[BlackFideId "1119206"]
[WhiteElo "2430"]
[BlackElo "2332"]
[Result "0-1"]
[Round "09"]
[TimeControl "180+1"]
[Date "2021.07.06"]
[WhiteClock "0:00:07"]
[BlackClock "0:00:05"]

1. e4 c5 2. Nf3 Nc6 3. d4 cxd4 4. Nxd4 g6 5. c4 b6 6. Nc3 Bb7 7. Be3 Bg7 8. Be2 Nf6 9. O-O O-O 10. f3 d6 11. Rc1 Rc8 12. Qd2 Nd7 13. a3 Na5 14. Nd5 e6 15. Nb4 Bxd4 16. Bxd4 Nb3 17. Qe3 Nxc1 18. Rxc1 e5 19. Bc3 Nc5 20. Rd1 Qe7 21. Nd5 Bxd5 22. Rxd5 Na4 23. Bb4 Rfd8 24. Qd2 Nc5 25. Bc3 Na4 26. Bb4 Nc5 27. g3 f6 28. Kg2 Kg7 29. h4 h5 30. Bc3 Na4 31. Bb4 Nc5 32. Bd1 a5 33. Bc3 Ne6 34. Be2 Rc5 35. b4 axb4 36. axb4 Rxd5 37. Qxd5 Nd4 38. Bxd4 exd4 39. Qxd4 Qc7 40. Qd5 Re8 41. Kf2 Re5 42. Qa8 f5 43. Bd3 fxe4 44. fxe4 Qf7+ 45. Ke2 Qe7 46. Kd2 b5 47. cxb5 d5 48. Qb8 Qxb4+ 49. Ke2 Rxe4+ 50. Bxe4 Qxe4+ 51. Kd2 Qd4+ 52. Kc2 Qc4+ 53. Kb2 Qb4+ 54. Kc2 Qc4+ 55. Kd2 Qd4+ 56. Ke2 Qe4+ 57. Kf2 Qc2+ 58. Ke3 Qe4+ 59. Kf2 Qd4+ 60. Kg2 Qe4+ 61. Kh3 Qh1# 0-1


[Site "https://www.chess.com"]

[Event "Titled Tuesday Blitz July 6 2021"]
[White "Pham, Le Thao Nguyen"]
[Black "Bilych, Olexiy"]
[WhiteFideId "12401226"]
[BlackFideId "14156504"]
[WhiteElo "2286"]
[BlackElo "2246"]
[Result "0-1"]
[Round "09"]
[TimeControl "180+1"]
[Date "2021.07.06"]
[WhiteClock "0:00:06"]
[BlackClock "0:00:08"]

1. d4 Nf6 2. Nf3 g6 3. g3 Bg7 4. Bg2 O-O 5. O-O d6 6. b3 Nc6 7. Bb2 e5 8. dxe5 Ng4 9. Nbd2 Ngxe5 10. Qc1 a5 11. c4 a4 12. Nxe5 Nxe5 13. h3 c6 14. f4 Nd7 15. Bxg7 Kxg7 16. Qc3+ Qf6 17. Qxf6+ Kxf6 18. Ne4+ Ke7 19. Rad1 axb3 20. axb3 Nc5 21. Nxc5 dxc5 22. e4 Ra3 23. Rf3 f6 24. Rdd3 Be6 25. g4 b5 26. Bf1 Rfa8 27. f5 Bf7 28. Rc3 b4 29. Rcd3 g5 30. Rfe3 Rd8 31. e5 Rxd3 32. exf6+ Kxf6 33. Rxd3 h5 34. Kf2 hxg4 35. hxg4 Ke5 36. Be2 Ra2 37. Ke3 Rb2 38. Kf3 Rc2 39. Re3+ Kd4 40. Rd3+ Ke5 41. Re3+ Kf6 42. Rd3 Be8 43. Rd6+ Ke7 44. Re6+ Kd7 45. Re3 Bf7 46. Bd3 Rc3 47. Be4 Rc1 48. Bd3 Rc3 49. f6 Kd6 50. Bf5 Rxe3+ 51. Kxe3 Ke5 52. Bd7 Kxf6 53. Bxc6 Ke5 54. Bf3 Bg6 55. Bd1 Be4 56. Kf2 Kd4 57. Ke2 Kc3 58. Ke3 Bg6 59. Kf3 Kd2 60. Be2 Bc2 0-1


[Site "https://www.chess.com"]

[Event "Titled Tuesday Blitz July 6 2021"]
[White "Piesik, Piotr"]
[Black "Alavi, Sayed Javad"]
[WhiteFideId "1136194"]
[BlackFideId "12500607"]
[WhiteElo "2354"]
[BlackElo "2495"]
[Result "0-1"]
[Round "09"]
[TimeControl "180+1"]
[Date "2021.07.06"]
[WhiteClock "0:00:42"]
[BlackClock "0:00:29"]

1. Nf3 Nf6 2. g3 d5 3. Bg2 c6 4. O-O Bg4 5. d3 e6 6. Nbd2 Nbd7 7. e4 Be7 8. Qe2 O-O 9. h3 Bh5 10. e5 Ne8 11. g4 Bg6 12. Nh2 Nc7 13. f4 f6 14. Ndf3 fxe5 15. Nxe5 Nxe5 16. Qxe5 Bd6 17. Qe2 Qd7 18. Bd2 Rae8 19. Rae1 Rf7 20. Qf2 b6 21. Qg3 Ref8 22. h4 h5 23. Nf3 Bxf4 24. Bxf4 Rxf4 25. Ne5 Rxf1+ 26. Bxf1 Qd6 27. c3 hxg4 28. Qxg4 Bf5 29. Qg3 c5 30. Re2 Ne8 31. Rg2 Rf6 32. Be2 Rh6 33. h5 Qe7 34. Bg4 Bxg4 35. Qxg4 Nf6 36. Ng6 Qe8 37. Qe2 Nxh5 38. Ne5 Nf4 0-1


[Site "https://www.chess.com"]

[Event "Titled Tuesday Blitz July 6 2021"]
[White "Potapova, Margarita"]
[Black "Noboa Silva, Kevin"]
[WhiteFideId "14126869"]
[BlackFideId "3618471"]
[WhiteElo "2229"]
[BlackElo "2161"]
[Result "1-0"]
[Round "09"]
[TimeControl "180+1"]
[Date "2021.07.06"]
[WhiteClock "0:01:28"]
[BlackClock "0:00:01"]

1. d4 Nf6 2. c4 e6 3. Nc3 Bb4 4. Qc2 b6 5. e4 c5 6. d5 Qe7 7. Be2 b5 8. e5 Nxd5 9. cxd5 exd5 10. a3 Bxc3+ 11. Qxc3 Nc6 12. Nf3 d4 13. Qc2 Nxe5 14. Nxe5 Qxe5 15. O-O O-O 16. Bxb5 Bb7 17. Bd3 Rfc8 18. b3 d5 19. Bxh7+ Kh8 20. Qf5 Qe2 21. Qh3 Re8 22. Bd3+ Kg8 23. Qh7+ Kf8 24. Bxe2 Rxe2 25. Qh8+ Ke7 26. Qh4+ f6 27. Bf4 1-0


[Site "https://www.chess.com"]

[Event "Titled Tuesday Blitz July 6 2021"]
[White "Pridorozhni, Aleksei"]
[Black "Cunjalo, Faris"]
[WhiteFideId "4127870"]
[BlackFideId "14410710"]
[WhiteElo "2565"]
[BlackElo "2234"]
[Result "1/2-1/2"]
[Round "09"]
[TimeControl "180+1"]
[Date "2021.07.06"]
[WhiteClock "0:01:16"]
[BlackClock "0:00:47"]

1. e4 c5 2. Nc3 Nc6 3. Bb5 Nd4 4. Nf3 a6 5. Bd3 g6 6. Nxd4 cxd4 7. Ne2 d5 8. O-O dxe4 9. Bxe4 Nf6 10. Bf3 Bg7 11. d3 O-O 12. c3 dxc3 13. bxc3 Nd5 14. d4 b5 15. a4 Bb7 16. axb5 axb5 17. Rb1 Qd7 18. Qd3 Bc6 19. Nf4 Nxf4 20. Bxf4 Bxf3 21. Qxf3 Rfc8 22. Rb3 Ra4 23. h4 h5 24. Rfb1 Rac4 25. Bd2 e5 26. Rxb5 exd4 27. Rb7 Qe6 28. cxd4 Rxd4 29. Bg5 Qd5 30. Rb8 Rxb8 31. Rxb8+ Kh7 32. Qxd5 Rxd5 33. Rb7 Kg8 34. Rb8+ Kh7 35. Rb7 Kg8 36. Rb8+ Kh7 1/2-1/2


[Site "https://www.chess.com"]

[Event "Titled Tuesday Blitz July 6 2021"]
[White "Prraneeth Vuppala"]
[Black "Mickiewicz, Piotr"]
[WhiteFideId "46622373"]
[BlackFideId "1114891"]
[WhiteElo "1759"]
[BlackElo "2263"]
[Result "0-1"]
[Round "09"]
[TimeControl "180+1"]
[Date "2021.07.06"]
[WhiteClock "0:00:02"]
[BlackClock "0:00:05"]

1. e4 e5 2. Nf3 Nc6 3. Bb5 a6 4. Ba4 Nf6 5. O-O Be7 6. Re1 b5 7. Bb3 d6 8. c3 O-O 9. h3 Na5 10. Bc2 c5 11. d4 Qc7 12. Nbd2 cxd4 13. cxd4 Rd8 14. Nf1 exd4 15. Nxd4 d5 16. e5 Ne4 17. Ng3 Bc5 18. Be3 Nxg3 19. fxg3 Nc4 20. Bf2 Nxe5 21. Rc1 Qd6 22. Bxh7+ Kxh7 23. Qh5+ Kg8 24. Rxe5 Bb7 25. Rg5 g6 26. Qh6 Rac8 27. Kh2 Qf6 28. Rf1 Bxd4 29. Bxd4 Qxd4 30. Rxf7 Kxf7 31. Qxg6+ Ke7 32. Qh7+ Kd6 33. Qh6+ Kc5 34. b4+ Kxb4 35. Rg4 Qc4 36. Qd2+ Ka4 37. Qc2+ Ka5 38. Rxc4 dxc4 39. h4 Kb6 40. a3 Ka7 41. h5 Rd3 42. h6 Rh8 43. Qc1 Rd6 44. Qe3+ Ka8 45. g4 Rdxh6+ 46. Kg3 Rg6 47. g5 Rhg8 48. Kh4 Rxg5 49. Qb6 Rg4+ 50. Kh5 R8g5+ 51. Kh6 Rg6+ 0-1


[Site "https://www.chess.com"]

[Event "Titled Tuesday Blitz July 6 2021"]
[White "Riazantsev, Alexander"]
[Black "Mortazavi, Ali"]
[WhiteFideId "4125029"]
[BlackFideId "401323"]
[WhiteElo "2497"]
[BlackElo "2339"]
[Result "1-0"]
[Round "09"]
[TimeControl "180+1"]
[Date "2021.07.06"]
[WhiteClock "0:01:01"]
[BlackClock "0:00:12"]

1. d4 Nf6 2. c4 g6 3. Nc3 Bg7 4. e4 O-O 5. Be2 d6 6. Be3 c5 7. d5 e6 8. Nf3 exd5 9. cxd5 Bg4 10. Nd2 Bxe2 11. Qxe2 a6 12. a4 Re8 13. O-O Nbd7 14. h3 Rb8 15. Bf4 Ne5 16. a5 Nh5 17. Bh2 Qc7 18. f4 Nd7 19. Nc4 Bd4+ 20. Kh1 b5 21. axb6 Nxb6 22. Rxa6 Nxc4 23. Qxc4 Rxb2 24. Nb5 Qb7 25. Nxd6 Qd7 26. Nxe8 Qxe8 27. e5 Kg7 28. d6 Rb4 29. Qd3 Qe6 30. f5 Qd5 31. fxg6 hxg6 32. Ra7 Rb2 33. Raxf7+ Kh6 34. Qf3 Qxf3 35. R7xf3 Rd2 36. e6 Bf6 37. e7 Re2 38. Rxf6 Nxf6 39. Rxf6 Re1+ 40. Bg1 c4 41. Rf8 1-0


[Site "https://www.chess.com"]

[Event "Titled Tuesday Blitz July 6 2021"]
[White "Rostovtsev, Dmitry"]
[Black "Shuvalov, Evgenij"]
[WhiteFideId "34278320"]
[BlackFideId "4187237"]
[WhiteElo "2114"]
[BlackElo "2163"]
[Result "1-0"]
[Round "09"]
[TimeControl "180+1"]
[Date "2021.07.06"]
[WhiteClock "0:00:43"]
[BlackClock "0:00:20"]

1. e4 a6 2. d4 b5 3. Bd3 Bb7 4. c3 Nf6 5. Qe2 e6 6. Nf3 c5 7. O-O d6 8. Nbd2 Nbd7 9. Rd1 Qc7 10. Nf1 Be7 11. Ng3 O-O 12. Bg5 h6 13. Be3 Rfe8 14. h3 Bf8 15. a4 b4 16. cxb4 cxb4 17. a5 e5 18. Rdc1 Qd8 19. d5 g6 20. Qd2 Kh7 21. Qxb4 Rb8 22. Qd2 Ng8 23. Qe2 Ra8 24. b4 Ne7 25. Rc2 f5 26. exf5 Bxd5 27. fxg6+ Kh8 28. Qd2 Bxf3 29. gxf3 Ng8 30. Be4 Rb8 31. Rac1 Qh4 32. Kg2 Ndf6 33. Rc7 Re7 34. Nf5 Qh5 35. Nxe7 Nxe7 36. Qxd6 Nxe4 37. fxe4 Qxg6+ 38. Qxg6 Nxg6 39. Rc8 Rxb4 40. Bxh6 Kg8 41. Bxf8 Nxf8 42. Ra8 Rxe4 43. Rcc8 Kf7 44. Rxf8+ Ke6 45. Rf3 Ra4 46. Rxa6+ Kd5 47. Re3 Kd4 48. Ra8 Ra2 49. a6 e4 50. a7 Kc5 51. Rc8+ Kb6 52. a8=Q Rxa8 53. Rxa8 1-0


[Site "https://www.chess.com"]

[Event "Titled Tuesday Blitz July 6 2021"]
[White "Rustemov, Alexander"]
[Black "Baskin, Robert"]
[WhiteFideId "4119002"]
[BlackFideId "24662402"]
[WhiteElo "2837"]
[BlackElo "2462"]
[Result "1-0"]
[Round "09"]
[TimeControl "180+1"]
[Date "2021.07.06"]
[WhiteClock "0:00:40"]
[BlackClock "0:00:28"]

1. d4 f5 2. g3 Nf6 3. Bg2 g6 4. Nh3 Bg7 5. Nf4 O-O 6. h4 Nc6 7. h5 e5 8. dxe5 Nxe5 9. hxg6 hxg6 10. Nc3 c6 11. Nd3 Nxd3+ 12. Qxd3 d5 13. Bh6 Bxh6 14. Rxh6 Kg7 15. Rh4 Be6 16. Qe3 Kf7 17. O-O-O Qb6 18. Qf4 Rh8 19. Rdh1 Rxh4 20. Rxh4 Rg8 21. Rh6 Rg7 22. e3 Qd8 23. Bf3 Rh7 24. b3 Rxh6 25. Qxh6 d4 26. Ne2 dxe3 27. Qxe3 Qa5 28. Kb2 Bd5 29. Nf4 Bxf3 30. Qe6+ Kg7 31. Qe7+ Kh6 32. Qxf6 Bh5 33. Ne6 1-0


[Site "https://www.chess.com"]

[Event "Titled Tuesday Blitz July 6 2021"]
[White "Salem, A.R. Saleh"]
[Black "Priasmoro, Novendra"]
[WhiteFideId "9301348"]
[BlackFideId "7105029"]
[WhiteElo "2642"]
[BlackElo "2309"]
[Result "0-1"]
[Round "09"]
[TimeControl "180+1"]
[Date "2021.07.06"]
[WhiteClock "0:00:36"]
[BlackClock "0:00:39"]

1. d4 Nf6 2. c4 g6 3. Nc3 d6 4. e4 Bg7 5. f3 O-O 6. Nge2 c5 7. Be3 cxd4 8. Nxd4 Nc6 9. Qd2 Nxd4 10. Bxd4 Be6 11. Rc1 Qa5 12. Be2 Rfc8 13. b3 a6 14. O-O b5 15. cxb5 axb5 16. Rfd1 b4 17. Na4 Nd7 18. Be3 Rab8 19. Kh1 Nc5 20. Bxc5 dxc5 21. Bc4 Bxc4 22. Rxc4 Rd8 23. Qc2 Rxd1+ 24. Qxd1 Bd4 25. Qc2 Rd8 26. g3 Qa6 27. Kg2 Be3 28. Nxc5 Qd6 29. f4 Qd2+ 30. Kf3 Qe1 31. Qe2 Qg1 32. Qxe3 Qh1+ 33. Kg4 Qxh2 34. f5 Qh5+ 35. Kf4 g5+ 36. Ke5 f6+ 37. Ke6 Qf7# 0-1


[Site "https://www.chess.com"]

[Event "Titled Tuesday Blitz July 6 2021"]
[White "Samunenkov, Ihor"]
[Black "Seul, Georg"]
[WhiteFideId "14187086"]
[BlackFideId "4601653"]
[WhiteElo "2281"]
[BlackElo "2332"]
[Result "1-0"]
[Round "09"]
[TimeControl "180+1"]
[Date "2021.07.06"]
[WhiteClock "0:00:02"]
[BlackClock "0:00:01"]

1. d4 Nf6 2. g3 d5 3. Nf3 c6 4. c4 Bf5 5. Nc3 e6 6. Nh4 dxc4 7. Nxf5 exf5 8. e3 Bd6 9. Bxc4 O-O 10. O-O Nbd7 11. Qd3 g6 12. Rd1 Qe7 13. Bd2 Rad8 14. Be1 h5 15. h4 Ng4 16. Qe2 Ndf6 17. Qf3 Rfe8 18. Bd3 Kg7 19. Bc2 Ne4 20. d5 c5 21. Ne2 Nef6 22. Bc3 Be5 23. Nf4 Bxc3 24. bxc3 Ne5 25. Qe2 Ne4 26. Bxe4 fxe4 27. Rab1 c4 28. Kg2 Nd3 29. Qc2 Rd7 30. Qa4 Nxf4+ 31. exf4 e3 32. Qxc4 e2 33. Re1 b6 34. Rb2 Rc7 35. Qd4+ Qf6 36. Rbxe2 Rxe2 37. Rxe2 Rxc3 38. Qd2 Rc4 39. Re5 Qd6 40. Qd3 Qc5 41. d6 Qd4 42. Rd5 Qxd3 43. Rxd3 Rc8 44. Ra3 Rd8 45. Rxa7 Rxd6 46. Rb7 Rc6 47. a4 Rd6 48. Kf3 Rc6 49. Kg2 Rd6 50. f3 Rc6 51. Kh3 Rd6 52. g4 Rd4 53. Kg3 Rxa4 54. Rxb6 Rc4 55. gxh5 gxh5 56. Rb5 Kg6 57. Rg5+ Kh6 58. f5 Rd4 59. Rg8 Rc4 60. f6 Rc6 61. Rh8+ Kg6 62. Rg8+ 1-0


[Site "https://www.chess.com"]

[Event "Titled Tuesday Blitz July 6 2021"]
[White "Sanchez Alvares, Kelvin Antonio"]
[Black "Gunina, Valentina"]
[WhiteFideId "3906680"]
[BlackFideId "4167570"]
[WhiteElo "2247"]
[BlackElo "2399"]
[Result "0-1"]
[Round "09"]
[TimeControl "180+1"]
[Date "2021.07.06"]
[WhiteClock "0:01:13"]
[BlackClock "0:01:46"]

1. d4 d5 2. c4 c6 3. Nf3 Nf6 4. Nc3 dxc4 5. a4 Bf5 6. Ne5 Nbd7 7. Nxc4 Nb6 8. Ne5 a5 9. f3 Nfd7 10. Nxd7 Bxd7 11. e4 g6 12. Be3 Bg7 13. Qb3 O-O 14. d5 Nc8 15. Rd1 Nd6 16. Bb6 Qe8 17. dxc6 Bxc6 18. Bd4 Bxd4 19. Rxd4 Rd8 20. Be2 e5 21. Rd1 Qe7 22. O-O Nc8 23. Nd5 Qc5+ 24. Kh1 Bxd5 25. Rxd5 Rxd5 26. Qxd5 Qxd5 27. exd5 Nb6 28. Rd1 Rd8 29. d6 Nxa4 30. Rd2 Kf8 31. Bb5 Nc5 32. Rd5 b6 33. Kg1 f6 34. Kf2 Nb7 35. d7 Ke7 36. g4 h6 37. h4 g5 38. hxg5 hxg5 39. Ke3 Nc5 40. Rd1 Nxd7 41. Rh1 Nf8 42. Rc1 Rd5 43. Rc7+ Kd8 44. Rf7 Rxb5 45. Rxf8+ Ke7 46. Rb8 Rxb2 47. Ke4 a4 0-1


[Site "https://www.chess.com"]

[Event "Titled Tuesday Blitz July 6 2021"]
[White "Saravana, Krishnan P."]
[Black "Svane, Rasmus"]
[WhiteFideId "5018382"]
[BlackFideId "4657101"]
[WhiteElo "2245"]
[BlackElo "2669"]
[Result "0-1"]
[Round "09"]
[TimeControl "180+1"]
[Date "2021.07.06"]
[WhiteClock "0:01:04"]
[BlackClock "0:00:59"]

1. e4 c6 2. d4 d5 3. Nc3 dxe4 4. Nxe4 Nf6 5. Nxf6+ exf6 6. Bc4 Bd6 7. Qe2+ Be7 8. Nf3 O-O 9. h3 Bd6 10. Be3 Nd7 11. O-O-O Nb6 12. Bd3 Nd5 13. Kb1 b5 14. Nh4 Re8 15. Qf3 a5 16. Rhe1 Be6 17. Qh5 g6 18. Nxg6 fxg6 19. Bxg6 Re7 20. Bd3 Qe8 21. Qh4 Qf7 22. Bc1 Nb4 23. a3 Nxd3 24. cxd3 b4 25. a4 Bb3 26. Rxe7 Qxe7 27. Qg4+ Kh8 28. Rg1 Re8 29. Bh6 Bxa4 30. Kc1 Bb5 31. Kc2 a4 32. Re1 b3+ 0-1


[Site "https://www.chess.com"]

[Event "Titled Tuesday Blitz July 6 2021"]
[White "Sardana, Rishi"]
[Black "Gelman, Alexander"]
[WhiteFideId "25004301"]
[BlackFideId "4118316"]
[WhiteElo "2340"]
[BlackElo "2375"]
[Result "1-0"]
[Round "09"]
[TimeControl "180+1"]
[Date "2021.07.06"]
[WhiteClock "0:00:20"]
[BlackClock "0:00:07"]

1. d4 Nf6 2. Nf3 c5 3. d5 e6 4. Nc3 b5 5. dxe6 fxe6 6. Nxb5 d5 7. e3 a6 8. Nc3 Bb7 9. e4 d4 10. e5 Nfd7 11. Nb1 Nc6 12. Bc4 Nb6 13. Bxe6 Qe7 14. Ng5 Nxe5 15. O-O h6 16. Re1 hxg5 17. Rxe5 Qf6 18. Qe2 Bd6 19. Rf5 Qh6 20. h3 Kd8 21. Bxg5+ Qxg5 22. Rxg5 1-0


[Site "https://www.chess.com"]

[Event "Titled Tuesday Blitz July 6 2021"]
[White "Sawlin, Leonid"]
[Black "Zubritskiy, Artyom"]
[WhiteFideId "4689542"]
[BlackFideId "4181247"]
[WhiteElo "2412"]
[BlackElo "2559"]
[Result "1-0"]
[Round "09"]
[TimeControl "180+1"]
[Date "2021.07.06"]
[WhiteClock "0:01:01"]
[BlackClock "0:00:02"]

1. e4 c5 2. Nf3 d6 3. d4 cxd4 4. Nxd4 Nf6 5. Nc3 a6 6. Bg5 Nbd7 7. f4 Qc7 8. Qe2 h6 9. Bh4 g5 10. fxg5 hxg5 11. Bxg5 Qc5 12. Be3 Qb4 13. O-O-O Ne5 14. a3 Qa5 15. h3 Neg4 16. Bg1 Bh6+ 17. Kb1 Bf4 18. Nf3 Be6 19. Bd4 Ne5 20. Rg1 Rc8 21. g3 Nxf3 22. Qxf3 Be5 23. Bxe5 Qxe5 24. g4 Rc5 25. Bd3 Nd7 26. Ne2 Nb6 27. c3 Na4 28. Bc2 Nxb2 29. Kxb2 Rb5+ 30. Kc1 Qc5 31. Nd4 Qxa3+ 32. Kd2 Rb2 33. Rb1 Ba2 34. Rxb2 Qxb2 35. Rf1 Kd7 36. Qf5+ Kc7 37. Qa5+ Kb8 38. Rf3 e5 39. Nf5 Bb3 40. Ne3 Rc8 41. Qb4 1-0


[Site "https://www.chess.com"]

[Event "Titled Tuesday Blitz July 6 2021"]
[White "Senthil Maran K"]
[Black "Torkkola, Henri"]
[WhiteFideId "25035681"]
[BlackFideId "507660"]
[WhiteElo "2194"]
[BlackElo "2137"]
[Result "1-0"]
[Round "09"]
[TimeControl "180+1"]
[Date "2021.07.06"]
[WhiteClock "0:00:14"]
[BlackClock "0:00:01"]

1. d4 Nf6 2. Nf3 d5 3. g3 c5 4. Bg2 cxd4 5. O-O h6 6. a3 e6 7. Nxd4 e5 8. Nf3 Nc6 9. b4 a6 10. Bb2 Qc7 11. Nbd2 Be6 12. c4 dxc4 13. Qc2 b5 14. Nxe5 Nxe5 15. Bxa8 Nc6 16. Ne4 Nd7 17. Rad1 f5 18. Nc3 Nf6 19. e4 f4 20. Nd5 Qc8 21. Bxc6+ Qxc6 22. Nxf4 Bf7 23. e5 Ne4 24. e6 Ng5 25. exf7+ Kxf7 26. Qf5+ Kg8 27. Qd5+ Qxd5 28. Nxd5 Kf7 29. Kg2 h5 30. h4 Ne6 31. Rfe1 Rh6 32. Nc7 Nd8 33. Rd7+ Kg8 34. Rxd8 Kh7 35. Rxf8 1-0


[Site "https://www.chess.com"]

[Event "Titled Tuesday Blitz July 6 2021"]
[White "Shevelev, Dmitry"]
[Black "Vakhlamov, Igor L."]
[WhiteFideId "24233463"]
[BlackFideId "24126748"]
[WhiteElo "2478"]
[BlackElo "2416"]
[Result "1/2-1/2"]
[Round "09"]
[TimeControl "180+1"]
[Date "2021.07.06"]
[WhiteClock "0:00:05"]
[BlackClock "0:00:16"]

1. d4 d5 2. Nf3 Nf6 3. Nc3 Bf5 4. Bg5 e6 5. e3 h6 6. Bxf6 Qxf6 7. Bd3 Bb4 8. Qd2 O-O 9. a3 Bd6 10. Nb5 Nc6 11. c4 dxc4 12. Bxc4 Be4 13. Be2 e5 14. dxe5 Nxe5 15. Nxd6 Bxf3 16. gxf3 Nxf3+ 17. Bxf3 Qxf3 18. Rg1 cxd6 19. Qxd6 Kh8 20. Qg3 Qf6 21. O-O-O Rac8+ 22. Kb1 g6 23. Rd4 Qf5+ 24. e4 Qc5 25. Rgd1 Kg8 26. Qd3 Rfe8 27. f3 a5 28. h4 h5 29. Rd5 Qc7 30. Qe3 Qg3 31. Qh6 Qxh4 32. Rg5 Re6 33. Rdg1 Rcc6 34. Rxh5 Qf6 35. Qh7+ Kf8 36. Qh8+ Qxh8 37. Rxh8+ Kg7 38. Rb8 Rc7 39. Rd1 Re5 40. Rd3 f5 41. Rdd8 fxe4 42. fxe4 Rxe4 43. Rg8+ Kf6 44. Rbf8+ Kg5 45. Rd8 Rc5 46. Rd6 a4 47. Rdxg6+ Kf4 48. Rg4+ Ke3 49. Rxe4+ Kxe4 50. Rg4+ Kd5 51. Rxa4 Kc6 52. Rb4 Rh5 53. Ka2 b5 54. Rb3 Rh4 55. Rc3+ Kb6 56. Kb3 Ka5 57. Rg3 Rf4 58. Rg5 Rf3+ 59. Ka2 Rh3 60. Rg8 Kb6 61. Ra8 Kb7 62. Rg8 Kb6 63. Rg5 Rf3 64. Rg6+ Kc5 65. Rg2 Rh3 66. Rc2+ Kb6 67. Rc3 Rh4 68. Kb3 Rg4 69. Rf3 Rh4 70. Rd3 Kc5 71. Kc3 Rc4+ 72. Kb3 Rh4 73. Rd2 Rh3+ 74. Kc2 Rh4 75. Rd3 Rh2+ 76. Kb1 Rh4 77. Rd8 Rh3 78. Rc8+ Kb6 79. Ra8 Kc5 80. a4 Kb4 81. axb5 Kxb5 82. Ka2 Rg3 83. Rb8+ Ka4 84. Ra8+ Kb4 85. Ra3 Rg2 86. Rb3+ Ka4 87. Ra3+ Kb4 88. Rc3 Ka4 89. Ra3+ Kb4 1/2-1/2


[Site "https://www.chess.com"]

[Event "Titled Tuesday Blitz July 6 2021"]
[White "Solon, Nathan"]
[Black "Moroni, Luca Jr"]
[WhiteFideId "2017229"]
[BlackFideId "865834"]
[WhiteElo "2638"]
[BlackElo "2491"]
[Result "1/2-1/2"]
[Round "09"]
[TimeControl "180+1"]
[Date "2021.07.06"]
[WhiteClock "0:00:12"]
[BlackClock "0:00:13"]

1. d4 g6 2. c4 Bg7 3. g3 d6 4. Bg2 Nc6 5. Nf3 Bd7 6. Nc3 Qc8 7. h3 Nf6 8. e4 O-O 9. Be3 e5 10. d5 Ne7 11. c5 Nh5 12. Rc1 f5 13. cxd6 cxd6 14. exf5 Nxf5 15. Bg5 e4 16. Nxe4 Qe8 17. Nd2 Nfxg3 18. fxg3 Nxg3 19. Qb3 Nxh1 20. Bxh1 Qe5 21. Qg3 Qxb2 22. Rb1 Qxa2 23. Rxb7 Bf5 24. Rxg7+ Kxg7 25. Qc3+ Kg8 26. Bh6 Rf7 27. Nf6+ Kh8 28. Nfe4+ Kg8 29. Nf6+ Kh8 30. Be4 Bxe4 31. Nfxe4+ Kg8 32. Nf6+ Kh8 33. Nfe4+ Kg8 34. Nf6+ Kh8 35. Nfe4+ 1/2-1/2


[Site "https://www.chess.com"]

[Event "Titled Tuesday Blitz July 6 2021"]
[White "Spata, German"]
[Black "Grineva, Marianna"]
[WhiteFideId "113026"]
[BlackFideId "14102013"]
[WhiteElo "2238"]
[BlackElo "1925"]
[Result "1-0"]
[Round "09"]
[TimeControl "180+1"]
[Date "2021.07.06"]
[WhiteClock "0:00:05"]
[BlackClock "0:00:01"]

1. b3 e6 2. Bb2 d5 3. f4 Nf6 4. Nf3 Be7 5. e3 O-O 6. Bd3 c5 7. O-O Ne4 8. Nc3 Bf6 9. Ne5 Nxc3 10. Bxc3 Nc6 11. Qh5 g6 12. Qh6 d4 13. Nxc6 bxc6 14. Bb2 dxe3 15. Bxf6 Qxf6 16. dxe3 a5 17. e4 Qd4+ 18. Kh1 Ba6 19. f5 exf5 20. exf5 Qg7 21. Qh3 Bxd3 22. f6 Qh8 23. Qxd3 Rad8 24. Qa6 Rd6 25. Qxa5 Rxf6 26. Qxc5 Re8 27. h3 Rfe6 28. Rad1 Qg7 29. a4 h5 30. a5 Qh6 31. a6 Ra8 32. Qb6 Qg5 33. Qb7 Rf8 34. a7 Re2 35. Qxc6 Ree8 36. Ra1 Ra8 37. b4 h4 38. b5 Rfc8 39. Qxc8+ Rxc8 40. a8=Q Rxa8 41. Rxa8+ Kg7 42. b6 Qb5 43. Raa1 Qxb6 44. c4 Qc5 45. Rac1 g5 46. Rfd1 Kg6 47. Rd5 Qc6 48. Rdd1 f6 49. c5 g4 50. hxg4 h3 51. Rd2 Qe4 52. c6 Qe3 53. Rcd1 1-0


[Site "https://www.chess.com"]

[Event "Titled Tuesday Blitz July 6 2021"]
[White "Stojanovski, Sandi"]
[Black "Williams, Simon K"]
[WhiteFideId "1403249"]
[BlackFideId "404454"]
[WhiteElo "2368"]
[BlackElo "2468"]
[Result "0-1"]
[Round "09"]
[TimeControl "180+1"]
[Date "2021.07.06"]
[WhiteClock "0:00:01"]
[BlackClock "0:00:05"]

1. c4 f5 2. g3 Nf6 3. Bg2 d6 4. Nc3 e5 5. d3 Be7 6. e4 O-O 7. Nge2 Nc6 8. O-O Qe8 9. Nd5 Bd8 10. Bg5 Nxd5 11. Bxd8 Ne3 12. fxe3 Qxd8 13. Nc3 Ne7 14. Qh5 c6 15. Bh3 g6 16. Qh6 Be6 17. exf5 Bxf5 18. Ne4 Rf7 19. Qh4 Qd7 20. Ng5 Rg7 21. e4 Bxh3 22. Nxh3 Rf8 23. Ng5 Nc8 24. Rxf8+ Kxf8 25. Rf1+ Kg8 26. h3 Nb6 27. b3 Qe7 28. Kg2 Nd7 0-1


[Site "https://www.chess.com"]

[Event "Titled Tuesday Blitz July 6 2021"]
[White "Sychev, Klementy"]
[Black "Chen, Max"]
[WhiteFideId "4114060"]
[BlackFideId "2622440"]
[WhiteElo "2615"]
[BlackElo "2488"]
[Result "1-0"]
[Round "09"]
[TimeControl "180+1"]
[Date "2021.07.06"]
[WhiteClock "0:01:01"]
[BlackClock "0:00:33"]

1. e4 c6 2. d3 d5 3. Nd2 dxe4 4. dxe4 e5 5. Ngf3 Qc7 6. Bc4 Nd7 7. Ng5 Nh6 8. O-O Nb6 9. Bb3 Be7 10. Ndf3 f6 11. Ne6 Bxe6 12. Bxe6 Nf7 13. c3 O-O 14. Qe2 Rad8 15. a4 a5 16. Be3 Nd7 17. Nh4 Nc5 18. Ba2 g6 19. Bh6 Rfe8 20. Qg4 Qd7 21. Qf3 f5 22. Nxf5 Bf8 23. Bxf8 Rxf8 24. Nh6+ Kg7 25. Nxf7 Qe7 26. Qe3 Rxf7 27. Bxf7 Kxf7 28. Rfd1 Rd6 29. g3 Ne6 30. Kg2 c5 31. Rd5 Rb6 32. Rxe5 Qc7 33. Rd5 Rxb2 34. Rad1 Nf8 35. Rxc5 Qe7 36. Qf4+ Kg8 37. Rc7 Qe8 38. Rd8 1-0


[Site "https://www.chess.com"]